 Dungeon Crawl Stone Soup version 0.28.0-49-g6dfe1f597d (webtiles) character file.

Game seed: 9612520832751290008

41 Peloso the Covered (level 3, 33/33 HPs)
             Began as a Minotaur Fighter on May 14, 2022.
             Got out of the dungeon alive.
             The game lasted 00:01:16 (827 turns).

Peloso the Covered (Minotaur Fighter)                Turns: 827, Time: 00:01:17

Health: 33/33      AC:  7    Str: 20    XL:     3   Next: 32%
Magic:  2/2        EV:  9    Int:  5    God:
Gold:   51         SH:  4    Dex:  9    Spells: 2/2 levels left

rFire   . . .      SeeInvis .   a - +0 long sword
rCold   . . .      Faith    .   c - +0 buckler
rNeg    . . .      Spirit   .   b - +0 scale mail
rPois   .          Reflect  .   (helmet restricted)
rElec   .          Harm     .   (no cloak)
rCorr   .          Rampage  .   (no gloves)
Will    .....                   (no boots)
Stlth   ..........              (no amulet)
HPRegen 0.11/turn               (no ring)
MPRegen 0.08/turn               (no ring)

@: no status effects
A: horns 2, retaliatory headbutt, claws 1, clumsy 1, evolution 1
a: no special abilities


You escaped.
You visited 1 branch of the dungeon, and saw 1 of its levels.

You collected 51 gold pieces.

Inventory:

Hand Weapons
 a - a +0 long sword (weapon)
Armour
 b - a +0 scale mail (worn)
 c - a +0 buckler (worn)
Scrolls
 k - a scroll of noise
Potions
 d - a potion of might
 f - a potion of lignification {unknown}
 g - 2 potions of curing {unknown}
 h - a potion of cancellation {unknown}
 j - 2 potions of heal wounds {unknown}


   Skills:
 + Level 4.2 Fighting
 + Level 2.9 Long Blades
 + Level 4.2 Armour
 + Level 4.0 Shields


You had 2 spell levels left.
You didn't know any spells.
Your spell library was empty.

Dungeon Overview and Level Annotations

Branches:
Dungeon (1/15)

Altars:


Innate Abilities, Weirdness & Mutations

You have a pair of horns on your head.
You reflexively headbutt those who attack you in melee.
You have sharp fingernails.
You are clumsy. (Dex -2)
You have hidden genetic potential.


Message History

A hobgoblin comes into view.
The hobgoblin shouts!
You hear a shout!
A hobgoblin is nearby!
A kobold comes into view. It is wielding a +0 dagger.
Found 7 gold pieces.
The kobold throws a stone.
The stone misses you.
There is an open door here.
The hobgoblin hits you but does no damage.
You barely miss the hobgoblin. Your headbutt misses the hobgoblin.
The hobgoblin closely misses you.
The kobold throws a stone.
The stone hits you but does no damage.
You hit the hobgoblin but do no damage. The hobgoblin hits you.
You slash the hobgoblin!
You kill the hobgoblin!
The kobold hits you but does no damage. The kobold hits you but does no damage.
You slash the kobold!
You kill the kobold!
Things that are here:
a +0 dagger; 4 stones You now have 51 gold pieces (gained 7).
As you open the door, it creaks loudly!
Done exploring.
Done exploring.
As you read the scroll labelled PURAPI VEVVUSY, it crumbles to dust.
It is a scroll of identify.
k - a scroll of noise It was a potion of mutation.
You feel extremely strange.
You feel clumsy.
You feel a hidden potential growing inside you.
Your fingernails lengthen.
(D) Dungeon
Where to? (? - help)
What level of the Dungeon? (default 1, ? - help)
There is an open door here.
Things that are here:
a +0 whip; a +0 short sword; 3 stones
There is an open door here.
There is a staircase leading out of the dungeon here.
Are you sure you want to leave the Dungeon?
This will make you lose the game!
You have escaped!

#....# #..........#.#
###....#######..........#.#
..........)...........>...#
.......#########'#####.####
.#....## #.........#.#
.#....# #.........#.#
.#....# #..⌠..)⌠..#.#
.#....# ###.........#.#
.#....# #.+....@....+.#
.#....# #.#.........###
.#....# #.#..⌠...⌠..#
.'....# #.#.........#
.#....####.#.........#
.#.........#####+#####
.###.............# .#
#.......####### .#
#.......#


There were no monsters in sight!

Vanquished Creatures
  A gnoll (D:1)
  A dart slug (D:1)
  3 ball pythons (D:1)
  3 endoplasms (D:1)
  3 hobgoblins (D:1)
  3 jackals (D:1)
  2 kobolds (D:1)
  A quokka (D:1)
  5 bats (D:1)
  3 frilled lizards (D:1)
  3 rats (D:1)
28 creatures vanquished.

Notes
Turn   | Place    | Note
-------+----------+-------------------------------------------
     0 | D:1      | Peloso the Minotaur Fighter began the quest for the Orb.
     0 | D:1      | Reached XP level 1. HP: 19/19 MP: 0/0
    78 | D:1      | Reached XP level 2. HP: 10/27 MP: 1/1
   467 | D:1      | Reached XP level 3. HP: 33/33 MP: 2/2
   776 | D:1      | Gained mutation: You are clumsy. (Dex -2) [potion of
                  | mutation]
   776 | D:1      | Gained mutation: You have hidden genetic potential. [potion
                  | of mutation]
   776 | D:1      | Gained mutation: You have sharp fingernails. [potion of
                  | mutation]
   827 | D:$      | Got out of the dungeon alive.

Illustrated notes

Levels and vault maps discovered:
D:1:      mushboom_english_gardens, layout_basic, chequers_serial_rivers_small_b

Skill      XL: |  1  2 |
---------------+-------+-----
Fighting       | 4 |  4.2
Armour         | 4 |  4.2
Shields        | 4 |  4.0
Long Blades    | |  2.9

Action                   || total
-------------------------++-------
Melee: Long sword        ||    55
       Headbutt          ||     6
  Use: Scroll            ||     1
       Potion            ||     1
Armor: Scale mail        ||    26
Dodge: Dodged            ||    27
Block: Buckler           ||     8
